[Event "*** SCC Grand Prix: Titled Tuesday Blitz"]
[Site "Chess.com"]
[Date "2020.06.23"]
[Round "4"]
[White "GM_dmitrij"]
[Black "WIDBIFS"]
[Result "1-0"]
[WhiteElo "2908"]
[BlackElo "2710"]
[TimeControl "180+1"]
[EndTime "10:40:07 PDT"]
[Termination "GM_dmitrij won by resignation"]

1. c4 Nf6 2. Nc3 g6 3. g3 Bg7 4.
Bg2 O-O 5. e4 d6 6. Nge2 Nc6 7.
O-O Nd7 8. d4 e5 9. Be3 exd4 10.
Nxd4 Nxd4 11. Bxd4 Bxd4 12. Qxd4 Ne5 13. Rad1 Nc6 14. Qd2 Be6 15. b3 Qf6 16. f4 Rfe8 17.
h3 Rad8 18. f5 Bc8 19. Nd5 Qe5 20. fxg6 hxg6 21. Qh6 Qg7 22. Nf6+ Kf8 23. Qxg7+ Kxg7 24. Nxe8+ Rxe8 25. Rf4 Ne5 26. h4 a5 27. Kh2 Ng4+ 28. Kg1 Ne5 29. Bf1 Bg4 30. Rb1 b6 31. Kf2 Rh8 32.
Be2 Bxe2 33. Kxe2 g5 34. hxg5 Rh2+ 35. Rf2 Rh3 36. Rg1 Rh5 37. Rgg2 Rxg5 38. Rf4 Ng6 39.
Rf5 Rxf5 40. exf5 Ne5 41. Ke3 Kf6 42. Ke4 Kg5 43. g4 f6 44. Rg1 Nf7 45. Kd5 Nh6 46. Ke6 1-0

[Event "*** SCC Grand Prix: Titled Tuesday Blitz"]
[Site "Chess.com"]
[Date "2020.06.23"]
[Round "4"]
[White "theblitzchamp"]
[Black "ChessicallyInclined"]
[Result "0-1"]
[WhiteElo "2643"]
[BlackElo "2482"]
[TimeControl "180+1"]
[EndTime "10:40:08 PDT"]
[Termination "ChessicallyInclined won by checkmate"]

1. d4 Nf6 2. Bf4 c5 3. d5 b5 4. a4 b4 5. f3 Bb7 6. e4 e6 7.
dxe6 fxe6 8. Nd2 d5 9. Bb5+ Nbd7 10. Bg5 Be7 11. Nh3 a6 12. Bxd7+ Nxd7 13. Bxe7 Qxe7 14. O-O O-O 15. exd5 exd5 16. Re1 Qf6 17. b3 Rad8 18. Nf2 Ne5 19. Nf1 Ng6 20. Ng3 Nf4 21. Ng4 Qg6 22. Qd2 h5 23. Ne5 Qg5 24. Kh1 h4 25. Nf1 d4 26. Nd3 h3 27. Nxf4 Rxf4 28. Ng3 hxg2+ 29. Kg1 Bxf3 30. Re6 Qg4 31. Rae1 Bd5 32.
Re7 Rdf8 33. Qd3 Rf1+ 34. Rxf1 Rxf1+ 35. Nxf1 gxf1=Q+ 36.
Kxf1 Qf4+ 37. Ke2 Qxh2+ 38. Kd1 Qh5+ 39. Kc1 Qg5+ 40. Kb2 Qxe7 41. Qxa6 Qe5 42. Qc8+ Kf7 43. Ka2 d3 44. cxd3 Qe2+ 45. Ka1 Qd1+ 46. Kb2 Qxb3+ 47. Kc1 Qc3+ 48. Kb1 Qxd3+ 49. Kc1 Qc3+ 50. Kb1 Be4+ 51. Ka2 b3+ 52. Ka3 b2+ 53. Ka2 b1=Q# 0-1

[Event "*** SCC Grand Prix: Titled Tuesday Blitz"]
[Site "Chess.com"]
[Date "2020.06.23"]
[Round "4"]
[White "silverback96"]
[Black "louis198"]
[Result "1-0"]
[WhiteElo "2290"]
[BlackElo "2490"]
[TimeControl "180+1"]
[EndTime "10:40:08 PDT"]
[Termination "silverback96 won by resignation"]

1. d4 e6 2. c4 d5 3. g3 g6 4. Nf3 Bg7 5. Bg2 Ne7 6. O-O O-O 7. Nc3 Nbc6 8. e3 a5 9. b3 b6 10. cxd5 exd5 11. Bb2 Ba6 12. Re1 Nb4 13. Bf1 Bxf1 14. Kxf1 Qc8 15. Kg2 Qf5 16. Qd2 Bf6 17. a3 Nc2 18.
Rec1 Nxa1 19. Bxa1 Rac8 20. Nb5 Qd7 21. a4 c6 22. Nc3 Nf5 23. Bb2 Rfe8 24. Ne2 Nd6 25. Nf4 h5 26. h4 Re4 27. Qd1 Nf5 28. Rc3 Rce8 29. Bc1 Bg7 30. Nd3 f6 31. Nf4 Kh7 32. Ne1 Bh6 33. Ned3 R4e7 34. Qc2 Kg7 35. Rxc6 Bxf4 36.
Nxf4 Qb7 37. Rc3 Rd8 38. Nxh5+ Kf7 39. Nf4 Nd6 40. h5 f5 41. hxg6+ Kf6 42. Rc6 Kg7 43.
Nxd5 Re6 44. Rc7+ Kg8 45. Rxb7 Nxb7 46. Qc7 Rxd5 47. Qf7+ 1-0

[Event "*** SCC Grand Prix: Titled Tuesday Blitz"]
[Site "Chess.com"]
[Date "2020.06.23"]
[Round "4"]
[White "ferdipy"]
[Black "olksuna"]
[Result "1/2-1/2"]
[WhiteElo "2355"]
[BlackElo "2592"]
[TimeControl "180+1"]
[EndTime "10:40:08 PDT"]
[Termination "Game drawn by repetition"]

1. e4 d6 2. d4 Nf6 3. Nc3 c6 4. Be3 g6 5. f3 Bg7 6. Qd2 b5 7.
a3 a5 8. Bh6 Bxh6 9. Qxh6 Qb6 10.
Nh3 Bxh3 11. Qxh3 O-O 12. Rd1 b4 13. Na4 Qc7 14. Qh6 bxa3 15. bxa3 e5 16. dxe5 dxe5 17. Nc5 Qe7 18. Qe3 Nbd7 19. Nd3 Rab8 20. a4 Nb6 21.
Qc5 Rfe8 22. Qxe7 Rxe7 23. Nc5 Nfd7 24. Nb3 Nxa4 25. Nxa5 Rc8 26. Bc4 Ndc5 27. Kf2 Ra7 28. Nb3 Nb2 29. Nxc5 Nxc4 30. Rd3 Ra2 31. Rc1 Na3 32.
Rd2 Nc4 33. Rd3 Na3 34. Rd2 Kg7 35. Rd7 Rxc2+ 36. Rxc2 Nxc2 37. h4 h6 38. Ne6+ Kf6 39.
Nd8 Rxd8 40. Rxd8 Nd4 41. g4 h5 42. Ke3 Kg7 43. gxh5 gxh5 44. f4 f6 45. fxe5 fxe5 46.
Rd6 Kh7 47. Kd3 Kg7 48. Ke3 Kh7 49. Rd7+ Kg6 50. Rd6+ Kg7 51. Rd7+ Kf6 52. Rd6+ Kg7 53. Rd7+ Kf6 54. Rd6+ Kg7 1/2-1/2

[Event "*** SCC Grand Prix: Titled Tuesday Blitz"]
[Site "Chess.com"]
[Date "2020.06.23"]
[Round "4"]
[White "Gordima"]
[Black "Beca95"]
[Result "0-1"]
[WhiteElo "2739"]
[BlackElo "2891"]
[TimeControl "180+1"]
[EndTime "10:40:11 PDT"]
[Termination "Beca95 won on time"]

1. d4 Nf6 2. c4 c5 3. d5 e6 4.
Nc3 exd5 5. cxd5 d6 6. Nf3 g6 7.
e4 a6 8. Bg5 h6 9. Bh4 g5 10.
Bg3 Nh5 11. a4 Nd7 12. Be2 Nxg3 13. hxg3 Bg7 14. Nd2 O-O 15. Nc4 Qe7 16. O-O Rb8 17. a5 Ne5 18. Nb6 f5 19. Nxc8 Rbxc8 20. exf5 Rxf5 21.
Bg4 Nxg4 22. Qxg4 Rcf8 23. f3 Qf7 24. Rad1 h5 25. Qc4 g4 26. f4 h4 27. gxh4 Rxf4 28. Qxf4 Qxf4 29. Rxf4 Rxf4 30. Re1 g3 31. Ne2 Re4 32. Kf1 Be5 33. Ng1 Rxh4 34. b3 Rd4 35. Nf3 Rxd5 36. Re4 Bc3 37. Ke2 Bxa5 38. Re7 b5 39.
Ra7 Bc3 40. Rxa6 Kg7 41. Rb6 b4 42. Rb7+ Kf6 43. Rb8 Kf7 44. Rb7+ Ke6 45. Rb8 Rh5 46. Rg8 Rh1 47. Kd3 Rb1 48. Kc4 Rc1 49. Rg6+ Bf6+ 50.
Kb5 c4 51. Rxg3 cxb3 52. Nd2 b2 53. Rb3 Rd1 54. Re3+ Kf7 55. Nc4 b1=Q 56. Rf3 Qe4 0-1

[Event "*** SCC Grand Prix: Titled Tuesday Blitz"]
[Site "Chess.com"]
[Date "2020.06.23"]
[Round "4"]
[White "HrvojeZagreb"]
[Black "PowerThinking2650"]
[Result "1-0"]
[WhiteElo "2116"]
[BlackElo "2316"]
[TimeControl "180+1"]
[EndTime "10:40:11 PDT"]
[Termination "HrvojeZagreb won by checkmate"]

1. d4 Nf6 2. Bf4 g6 3. Nc3 d5 4. e3 Bg7 5. h4 h5 6. Nf3 O-O 7. Ne5 c5 8. Be2 cxd4 9. exd4 Be6 10. g4 hxg4 11. Nxg4 Nbd7 12. Nxf6+ Nxf6 13. h5 Re8 14. hxg6 fxg6 15. Bh6 Bh8 16. Bb5 Bf5 17. Bxe8 Qxe8 18. Qf3 Qc6 19. Rg1 Kf7 20. O-O-O b5 21. Rd2 b4 22.
Nd1 Ne4 23. Re2 Bxd4 24. Ne3 e6 25. Nxf5 exf5 26. Rxe4 dxe4 27. Qb3+ Ke7 28. Bg5+ Bf6 29. Bxf6+ Kxf6 30. Qxb4 Rc8 31. Qd4+ Kf7 32. c3 Qf6 33. Qe3 Kg7 34. Rh1 Rh8 35. Rxh8 Kxh8 36. Qxa7 Qg5+ 37. Kc2 Qf4 38. Qd4+ Kh7 39. a4 g5 40. a5 Qf3 41. Qd2 f4 42. a6 e3 43. Qd3+ Kh6 44. fxe3 fxe3 45. a7 Qf2+ 46. Kb3 e2 47. a8=Q Qb6+ 48.
Kc2 e1=Q 49. Qh8# 1-0

[Event "*** SCC Grand Prix: Titled Tuesday Blitz"]
[Site "Chess.com"]
[Date "2020.06.23"]
[Round "4"]
[White "dpopadic"]
[Black "Korchmar_Vasiliy"]
[Result "0-1"]
[WhiteElo "2334"]
[BlackElo "2608"]
[TimeControl "180+1"]
[EndTime "10:40:13 PDT"]
[Termination "Korchmar_Vasiliy won by resignation"]

1. e4 c5 2. Nc3 d6 3. f4 Nc6 4. Nf3 e6 5. Bc4 Nf6 6. d3 Be7 7. Bb3 O-O 8. O-O Na5 9. Qe1 a6 10. Bd2 Nxb3 11. axb3 b6 12. Qg3 Bb7 13. f5 Kh8 14.
Qh3 exf5 15. Qxf5 d5 16. exd5 Nxd5 17. Rae1 g6 18. Qh3 Bf6 19. Nxd5 Qxd5 20. Bc3 Bxc3 21.
bxc3 Rae8 22. Qg3 Kg7 23. h3 h6 24. c4 Qh5 25. Nd2 Re2 26. Rxe2 Qxe2 27. Qf2 Qxf2+ 28. Rxf2 Re8 29. Kf1 f5 30. Nb1 Bc6 31. Nc3 Kf6 32.
g3 g5 33. Nd5+ Bxd5 34. cxd5 Re3 35. Kg2 Ke5 36. c4 Rxd3 37. Re2+ Kd4 38. Re6 b5 39.
Rxa6 b4 40. Rc6 Kc3 41. Rxc5 Kxb3 42. Rc6 Kc2 43. d6 b3 44. c5 b2 45. Rb6 b1=Q 46.
Rxb1 Kxb1 47. Kf2 Kc2 48. Ke2 Kc3 49. h4 Rd5 50. hxg5 hxg5 51. Ke3 Rxc5 52. g4 fxg4 53. Ke4 Rc8 54. Kf5 Rd8 55. Kxg4 Rxd6 56. Kxg5 Kc4 57.
Kf5 Kc5 58. Ke5 Kc6 59. Ke4 Kd7 60. Ke5 Ke7 61. Kf5 Re6 0-1

[Event "*** SCC Grand Prix: Titled Tuesday Blitz"]
[Site "Chess.com"]
[Date "2020.06.23"]
[Round "4"]
[White "Benjoneliere44"]
[Black "KazakhFighter04"]
[Result "1-0"]
[WhiteElo "2549"]
[BlackElo "2748"]
[TimeControl "180+1"]
[EndTime "10:40:14 PDT"]
[Termination "Benjoneliere44 won by resignation"]

1. e4 d5 2. Nc3 d4 3. Nce2 e5 4. Ng3 Be6 5. Nf3 f6 6. Bb5+ Nd7 7. d3 c5 8. O-O Ne7 9. a4 Nc6 10. Bxc6 bxc6 11. b3 g6 12. Nd2 Bg7 13. Nc4 O-O 14. f4 Nb6 15. f5 Bf7 16. Ba3 Nxc4 17. bxc4 Qd6 18. Qd2 Rfb8 19. Rfb1 Bf8 20. Qa5 Rxb1+ 21. Rxb1 Rb8 22. Qe1 Qc7 23. Rb3 a5 24. h4 Rb4 25.
fxg6 hxg6 26. h5 Bh6 27. Qe2 Qd7 28. Bxb4 cxb4 29. Rb1 Bf4 30. hxg6 Bxg6 31. Nf5 Bxf5 32.
exf5 Be3+ 33. Kf1 Qxf5+ 34. Qf3 Qxf3+ 35. gxf3 Kf7 36. Kg2 Bf4 37. Rh1 Kg7 38. Kh3 f5 39.
Kh4 c5 40. Kh5 Kf6 41. Rg1 e4 42. fxe4 fxe4 43. Kg4 Be3 44. Rf1+ Ke6 45. dxe4 Bd2 46. Kf3 Ke5 47. Ke2 Bc3 48. Kd3 Ke6 49. Rf5 Kd6 50. Rd5+ Ke6 51. e5 b3 52. cxb3 1-0

[Event "*** SCC Grand Prix: Titled Tuesday Blitz"]
[Site "Chess.com"]
[Date "2020.06.23"]
[Round "4"]
[White "StockholmMissile"]
[Black "Kaua18"]
[Result "1-0"]
[WhiteElo "2421"]
[BlackElo "2229"]
[TimeControl "180+1"]
[EndTime "10:40:14 PDT"]
[Termination "StockholmMissile won by resignation"]

1. d4 Nf6 2. c4 e6 3. Nf3 b6 4. a3 Bb7 5. Nc3 d5 6. Bg5 Be7 7. Qa4+ Nbd7 8. Bxf6 Bxf6 9. cxd5 exd5 10. g3 O-O 11. Bh3 c6 12. Nxd5 b5 13. Nxf6+ Nxf6 14. Qc2 Re8 15. O-O h5 16. Bg2 Qe7 17. e3 Rac8 18.
Rac1 Nd5 19. Ne1 h4 20. Nd3 hxg3 21. hxg3 c5 22. Nxc5 Nxe3 23. fxe3 Qxe3+ 24. Qf2 Bxg2 25. Qxe3 Rxe3 26. Kxg2 Rd8 27. Rcd1 g6 28. Rd2 Kg7 29.
Rf3 Re7 30. Rb3 Rb8 31. a4 b4 32. a5 Re1 33. a6 g5 34. Rf3 Rh8 35. Rf1 Ree8 36. Rh1 Rhf8 37. Nd7 Rg8 38. Ne5 Re6 39. Ra1 f6 40. Nd3 Re4 41. Nxb4 Rge8 42. Nc6 Re3 43. Nxa7 Rb3 44. Nc6 Ree3 45. Kf2 Rxg3 46. Rf1 Rh3 47. Ke1 Rh8 48. a7 Rb6 49. Rc2 Ra6 50. Kd2 Re8 51. Re1 Rc8 52. d5 Rh8 53. Re7+ Kg6 54.
Re2 g4 55. d6 Kg5 56. d7 g3 57.
d8=Q Rxd8+ 58. Nxd8 Rxa7 59. Ne6+ Kg4 60. Rc4+ Kf5 61.
Nd4+ Kg4 62. Nc6+ 1-0

[Event "*** SCC Grand Prix: Titled Tuesday Blitz"]
[Site "Chess.com"]
[Date "2020.06.23"]
[Round "4"]
[White "PredragNikac"]
[Black "Justinz"]
[Result "1-0"]
[WhiteElo "2213"]
[BlackElo "2388"]
[TimeControl "180+1"]
[EndTime "10:40:14 PDT"]
[Termination "PredragNikac won on time"]

1. d4 Nf6 2. f3 e6 3. f4 d5 4. e3 Bd6 5. Nf3 c5 6. c3 Nc6 7. Bd3 b6 8. O-O Bb7 9. Ne5 Ne7 10. Bb5+ Nd7 11. Bxd7+ Kf8 12. Bb5 f6 13. Qh5 g6 14.
Qh6+ Kg8 15. Bd3 fxe5 16. fxe5 Bc7 17. Nd2 Nf5 18. Qh3 h5 19. Nf3 Qe7 20. Bxf5 exf5 21. Qg3 Kh7 22. Ng5+ Kg7 23. Bd2 h4 24. Qf4 Rh5 25.
Nh3 Rf8 26. Rae1 Ba6 27. Rf2 g5 28. Qf3 g4 29. Qxd5 gxh3 30. e4 Bc8 31. Qc6 Kh7 32.
exf5 Rhxf5 33. Rxf5 Bxf5 34. Qh6+ Kg8 35. Bg5 Qe8 36. Bf6 Qg6 37. Qxg6+ Bxg6 38. gxh3 Kf7 39. d5 Bf5 40. Bxh4 Rg8+ 41. Kf2 Bxh3 42. Bg3 Rf8 43. Ke3 Ke8 44. a4 Bd8 45. a5 Bg5+ 46. Kd3 Bf5+ 47.
Kc4 Kd7 48. e6+ Kd8 49. d6 Re8 50. e7+ Kd7 51. axb6 Be6+ 52. Kxc5 axb6+ 53. Kxb6 Rb8+ 54. Ka7 1-0

[Event "*** SCC Grand Prix: Titled Tuesday Blitz"]
[Site "Chess.com"]
[Date "2020.06.23"]
[Round "4"]
[White "Ermito2020"]
[Black "lilleper1"]
[Result "0-1"]
[WhiteElo "2494"]
[BlackElo "2691"]
[TimeControl "180+1"]
[EndTime "10:40:15 PDT"]
[Termination "lilleper1 won on time"]

1. e4 c5 2. Nf3 d6 3. d4 cxd4 4. Nxd4 Nf6 5. Nc3 a6 6. Bg5 Nbd7 7. Bc4 Qb6 8. O-O Qxb2 9. Nd5 Nxd5 10. Rb1 Qa3 11.
Bxd5 Nc5 12. Nc6 e6 13. Bc1 Qa4 14. Rb4 exd5 15. Rxa4 bxc6 16. c4 dxe4 17. Ra3 Be6 18. Be3 Bxc4 19. Bxc5 dxc5 20. Re1 Bd5 21. Rd3 Be7 22.
Rxd5 cxd5 23. Qxd5 O-O 24. Qxe4 Bf6 25. g3 Bd4 26.
Kg2 g6 27. h4 h5 28. Rb1 Rab8 29. Rxb8 Rxb8 30. Qc6 Rb2 31. Qxa6 Rxf2+ 32. Kh3 Rc2 33. Qa4 Rc1 34. Qe8+ Kg7 35. a4 c4 36. Qe4 Bf6 37. Qf4 Rc2 38. a5 c3 39. a6 Ra2 40. Qc4 c2 41. a7 Rxa7 42. Qxc2 Ra1 43. Qc4 Ra3 44. Qb4 Re3 45. Qd2 Rc3 46. Qe2 Rc5 47. Qe4 Rf5 48. Kg2 Be5 49. g4 hxg4 50. Qxg4 Bf6 51. Qe4 Rh5 0-1

[Event "*** SCC Grand Prix: Titled Tuesday Blitz"]
[Site "Chess.com"]
[Date "2020.06.23"]
[Round "4"]
[White "BogdanDeac"]
[Black "antoszu"]
[Result "1-0"]
[WhiteElo "2821"]
[BlackElo "2549"]
[TimeControl "180+1"]
[EndTime "10:40:16 PDT"]
[Termination "BogdanDeac won by resignation"]

1. e4 e6 2. d4 d5 3. Nc3 Nf6 4. e5 Nfd7 5. f4 c5 6. Nf3 Nc6 7. Be3 a6 8. Qd2 b5 9. dxc5 Bxc5 10.
Bd3 O-O 11. Ne2 Qb6 12. Ned4 b4 13. c3 a5 14. O-O Ba6 15. Rae1 bxc3 16. bxc3 Nxd4 17.
Bxd4 Bxd4+ 18. cxd4 Bxd3 19. Qxd3 Qa6 20. Qxa6 Rxa6 21. Rc1 Rb8 22. Rc7 Nf8 23. Ng5 f6 24.
exf6 gxf6 25. Nf7 Rab6 26. f5 R6b7 27. Nh6+ Kh8 28. Rfc1 Rxc7 29. Rxc7 exf5 30. Rf7 Ne6 31. Nxf5 Ng5 32. Rd7 Rb1+ 33. Kf2 h5 34. Kg3 Rb2 35. a4 Ne4+ 36. Kh3 Ng5+ 37. Kh4 Rxg2 38. Kxh5 Ne4 39. h4 Ng3+ 40. Nxg3 Rxg3 41. Rxd5 Kg7 42. Rd7+ Kf8 43. d5 Ke8 44. Ra7 f5 45. d6 f4 46. Rxa5 Kd7 47. Rf5 f3 48. Rf6 Rg1 49.
Rxf3 Kxd6 50. Rf5 Ra1 51. a5 Ke6 52. Kg6 Rg1+ 53. Rg5 1-0

[Event "*** SCC Grand Prix: Titled Tuesday Blitz"]
[Site "Chess.com"]
[Date "2020.06.23"]
[Round "4"]
[White "zmeeed67"]
[Black "Brave_spirit12"]
[Result "1-0"]
[WhiteElo "2455"]
[BlackElo "2277"]
[TimeControl "180+1"]
[EndTime "10:40:16 PDT"]
[Termination "zmeeed67 won by checkmate"]

1. d4 Nf6 2. c4 e6 3. Nc3 d5 4. cxd5 exd5 5. Bg5 Be7 6. e3 O-O 7. Bd3 h6 8. Bh4 c6 9. Qc2 Nh5 10. Bxe7 Qxe7 11. Nge2 f5 12. O-O-O b5 13. Kb1 b4 14. Na4 Nf6 15. Rc1 Ne4 16. Rhf1 Ba6 17. Bxa6 Nxa6 18.
f3 Nd6 19. Qxc6 Qxe3 20. Qxa6 Nc4 21. Rfe1 Rac8 22. Ka1 Rfe8 23. Nc5 Qd2 24. Rb1 Rxe2 25. Qxc8+ Kh7 26. Qxf5+ Kh8 27. Rxe2 Qxe2 28. Ne6 Qxg2 29. Qxd5 Nd2 30. Qd8+ Kh7 31. Nf8+ Kh8 32. Rc1 Nc4 33. Nd7+ Kh7 34. Nf6+ Kg6 35. Qe8+ Kg5 36. Qb5+ Kxf6 37. Qxc4 b3 38. Qxb3 Kg6 39. Qc4 Kh7 40. Qc2+ Qxc2 41.
Rxc2 g5 42. d5 Kg6 43. d6 Kf6 44. d7 Ke7 45. Rd2 Kd8 46. Kb1 g4 47. fxg4 a5 48. h4 a4 49. g5 a3 50. bxa3 Kc7 51. g6 Kd8 52. g7 Kc7 53. d8=Q+ Kc6 54. Rc2+ Kb5 55.
Qb8+ Ka4 56. Qb4# 1-0

[Event "*** SCC Grand Prix: Titled Tuesday Blitz"]
[Site "Chess.com"]
[Date "2020.06.23"]
[Round "4"]
[White "AllStarShark"]
[Black "tamarozi99"]
[Result "1-0"]
[WhiteElo "2309"]
[BlackElo "2063"]
[TimeControl "180+1"]
[EndTime "10:40:16 PDT"]
[Termination "AllStarShark won by resignation"]

1. d4 Nf6 2. Bg5 g6 3. Bxf6 exf6 4. e3 Bg7 5. g3 d6 6. Bg2 f5 7. h4 Nd7 8. Ne2 Nf6 9. Nd2 Rb8 10.
c4 c6 11. Nc3 a6 12. O-O O-O 13. b4 b5 14. Bxc6 bxc4 15. Nxc4 Rxb4 16. Qd3 d5 17.
Ne5 Ne4 18. Nxd5 Rb2 19. Nf4 h6 20. Bxe4 fxe4 21. Qxe4 Bf5 22. Qg2 g5 23. hxg5 Qxg5 24. Nf3 Qe7 25. Nd5 Qd8 26. Nh4 Be6 27. Nf4 Bc4 28.
Rfc1 Bb5 29. Nf5 Re8 30. Nxg7 Kxg7 31. Qf3 Qg5 32. Rc5 Qe7 33. Qg4+ Kh7 34. Qf5+ Kg8 35. Nh5 Rb8 36. Qg4+ Kf8 37. Qg7+ Ke8 38. Nf6+ Kd8 39.
Qg8+ Be8 40. Nxe8 Qxe8 41. Qxe8+ Kxe8 42. Rac1 Rb1 43. Rxb1 Rxb1+ 44. Kg2 Ra1 45. Ra5 Ke7 46. Rxa6 f6 47. Kf3 Kf7 48. e4 Kg6 49. Kf4 Kf7 50.
f3 Rb1 51. g4 Rb2 52. a4 Ra2 53. Kf5 Ra3 54. f4 Ke7 55. Ra7+ Kd6 56. Kxf6 1-0

[Event "*** SCC Grand Prix: Titled Tuesday Blitz"]
[Site "Chess.com"]
[Date "2020.06.23"]
[Round "4"]
[White "checkmatequen"]
[Black "Angel_Hranitel_37"]
[Result "0-1"]
[WhiteElo "2242"]
[BlackElo "2430"]
[TimeControl "180+1"]
[EndTime "10:40:17 PDT"]
[Termination "Angel_Hranitel_37 won on time"]

1. e4 c5 2. Nf3 e6 3. d4 cxd4 4.
Nxd4 Nf6 5. Bd3 Nc6 6. Nxc6 bxc6 7. Qe2 e5 8. O-O Bc5 9. c4 O-O 10. Be3 Qb6 11. Nc3 Bxe3 12. fxe3 d6 13. h3 Ne8 14.
Rab1 Nc7 15. b4 Ne6 16. b5 Nf4 17. Qd2 Nxd3 18. Qxd3 Be6 19. bxc6 Qxc6 20. Nd5 Bxd5 21. exd5 Qa6 22. Rb2 Rfc8 23. Rc1 g6 24. Kh2 Rc5 25.
Qb3 Rac8 26. Rbc2 Ra5 27. Qb4 Ra4 28. Qd2 Rcxc4 29. Rxc4 Rxc4 30. Qd3 Ra4 31. Qxa6 Rxa6 32. Rc6 Rb6 33. Rc8+ Kg7 34. a4 Rb4 35. Rc6 Rxa4 36. Rxd6 e4 37. Kg3 g5 38. Kg4 h6 39. Kf5 Ra2 40. Kxe4 Rxg2 41. Ra6 Rg3 42. d6 Kf6 43. Rxa7 Rxh3 44. d7 Ke7 45. Kd5 Rxe3 46. Kc6 Rc3+ 47. Kb6 Rd3 48. Kc6 Rd6+ 49. Kc7 Rxd7+ 50. Kc8 Rxa7 51.
Kb8 Rd7 0-1

[Event "*** SCC Grand Prix: Titled Tuesday Blitz"]
[Site "Chess.com"]
[Date "2020.06.23"]
[Round "4"]
[White "ElusiveCat"]
[Black "blitzking1729"]
[Result "1/2-1/2"]
[WhiteElo "2353"]
[BlackElo "2568"]
[TimeControl "180+1"]
[EndTime "10:40:18 PDT"]
[Termination "Game drawn - insufficient material"]

1. d4 d6 2. c4 e5 3. Nf3 e4 4. Ng5 f5 5. g3 Be7 6. Nh3 Nf6 7.
Bg2 c6 8. d5 cxd5 9. cxd5 O-O 10. O-O Na6 11. Nc3 Nc7 12. f3 exf3 13. Bxf3 b5 14.
a3 Bb7 15. Nf4 a5 16. Ne6 Nxe6 17. dxe6 Bxf3 18. exf3 b4 19. Nd5 Nxd5 20. Qxd5 Qb6+ 21. Kh1 Rac8 22. Qd3 Qc5 23. Bf4 g5 24. axb4 Qxb4 25.
Bd2 Qxb2 26. Rxa5 Qf6 27. g4 fxg4 28. Rxg5+ Kh8 29. Rxg4 Qxe6 30. Bc3+ Bf6 31. Bxf6+ Qxf6 32. Qd5 Rc5 33. Qe4 Re5 34. Qd3 Rf5 35. Rg3 d5 36. Kg2 d4 37. Qe4 Re5 38. Qd3 Re3 39. Qd1 d3 40.
Rf2 Rfe8 41. f4 Rxg3+ 42. hxg3 Qc6+ 43. Qf3 Qd6 44. Rd2 Rd8 45. Qe4 Kg7 46. Kf3 h6 47. Qe5+ Qxe5 48. fxe5 Kf7 49. Ke4 Ke6 50. Rxd3 Rxd3 51. Kxd3 Kxe5 52. Ke3 Kf5 53. Kf3 h5 54. Kg2 Kg4 55. Kh2 h4 56. gxh4 Kxh4 1/2-1/2

[Event "*** SCC Grand Prix: Titled Tuesday Blitz"]
[Site "Chess.com"]
[Date "2020.06.23"]
[Round "4"]
[White "Diego_FloresQ"]
[Black "LuisFSiles"]
[Result "1-0"]
[WhiteElo "2466"]
[BlackElo "2311"]
[TimeControl "180+1"]
[EndTime "10:40:18 PDT"]
[Termination "Diego_FloresQ won by resignation"]

1. e4 c5 2. Nf3 d6 3. d4 cxd4 4. Nxd4 Nf6 5. Nc3 g6 6. Be3 Bg7 7. f3 O-O 8. Qd2 Nc6 9. O-O-O Be6 10. Kb1 Rc8 11. h4 Ne5 12. h5 Nxh5 13. Bh6 Bxh6 14. Qxh6 Rxc3 15. bxc3 Qa5 16. Nxe6 fxe6 17. Rxh5 gxh5 18.
Qxe6+ Nf7 19. Bc4 Qxc3 20. Bb3 Qe5 21. Qxe5 dxe5 22. Rd7 Kg7 23. Rxe7 Kf6 24. Rxb7 Nd6 25. Rxh7 Kg6 26. Rxa7 h4 27. c4 Kg5 28. c5 Nb5 29. Rg7+ Kf4 30. c6 Rc8 31. Bd5 Ke3 32. a4 Nc3+ 33. Kc2 Kd4 34. a5 Nxd5 35. exd5 Kxd5 36.
c7 Kc6 37. Kd3 Kb5 38. Ke4 Kxa5 39. Kxe5 Kb6 40. Kd6 Kb7 41. Kd7 h3 42. gxh3 Rf8 43.
f4 Rc8 44. Kd6 Rf8 45. Ke5 Rh8 46. f5 Rxh3 47. f6 Rh1 48. f7 Re1+ 49. Kd4 Rd1+ 50. Ke5 Re1+ 51. Kd6 Rf1 52. Ke7 Re1+ 53. Kf8 Rc1 54.
Kg8 Rxc7 55. f8=Q Rxg7+ 56. Kxg7 1-0

[Event "*** SCC Grand Prix: Titled Tuesday Blitz"]
[Site "Chess.com"]
[Date "2020.06.23"]
[Round "4"]
[White "Vaathi_Coming"]
[Black "Zkid"]
[Result "0-1"]
[WhiteElo "2845"]
[BlackElo "2734"]
[TimeControl "180+1"]
[EndTime "10:40:19 PDT"]
[Termination "Zkid won by resignation"]

1. g3 d5 2. Nf3 Nf6 3. Bg2 c6 4. O-O Bf5 5. d3 h6 6. Nbd2 e6 7. Qe1 Be7 8. e4 Bh7 9. Qe2 O-O 10. e5 Nfd7 11. Re1 c5 12. Nf1 Nc6 13. h4 a5 14.
N1h2 a4 15. a3 b5 16. Ng4 b4 17. h5 bxa3 18. bxa3 Nd4 19. Nxd4 cxd4 20. Nxh6+ gxh6 21. Bxh6 Kh8 22. Bxf8 Qxf8 23. Qg4 Bxa3 24. Qxd4 Bc5 25. Qf4 a3 26. c4 Ra4 27. Qc1 Bd4 28. Ra2 Nxe5 29.
Qf4 Bc3 30. Rxe5 Bxd3 31. h6 Rxc4 32. Qe3 Bxe5 33. Qxe5+ Kh7 34. Rxa3 Rc1+ 35. Kh2 Qxh6+ 36. Bh3 Bf1 37. g4 Bxh3 38. Rxh3 Rh1+ 39. Kxh1 Qxh3+ 40. Kg1 Qxg4+ 41. Kf1 Qc4+ 42. Kg1 Qe4 43. Qh5+ Kg7 44.
Kf1 Qb1+ 45. Ke2 Qe4+ 46. Kf1 Qf5 47. Qh4 e5 48. Qg3+ Kf6 49. Qh4+ Ke6 50. Qd8 Qd3+ 51. Ke1 Qc3+ 52. Ke2 Qc4+ 53. Ke1 f6 54. Qe8+ Kf5 55. Qh5+ Ke4 56. Qh4+ Kd3 57. Qg3+ Kc2 58. Qg6+ Qe4+ 59. Qxe4+ dxe4 60. Ke2 f5 61. Ke3 Kc3 62. f4 exf3 63. Kxf3 Kd3 0-1

[Event "*** SCC Grand Prix: Titled Tuesday Blitz"]
[Site "Chess.com"]
[Date "2020.06.23"]
[Round "4"]
[White "Gareth-Bale11"]
[Black "RusPakhom"]
[Result "1-0"]
[WhiteElo "2729"]
[BlackElo "2362"]
[TimeControl "180+1"]
[EndTime "10:40:19 PDT"]
[Termination "Gareth-Bale11 won by resignation"]

1. d4 d6 2. Nf3 g6 3. h4 h5 4. Bg5 Bg7 5. Nc3 Nd7 6. e4 a6 7. a4 c5 8. d5 Ngf6 9. Be2 O-O 10. O-O Qc7 11. Re1 Re8 12. Nd2 Rb8 13. a5 b5 14. axb6 Rxb6 15. Nc4 Rb8 16. Qd2 Nb6 17. Na5 Ra8 18. f3 Nfd7 19. Nc6 Ne5 20. Nxe5 Bxe5 21. Bf4 Bd4+ 22. Be3 Bf6 23. Bf2 e6 24. dxe6 fxe6 25. Bf1 Bb7 26. Bg3 Red8 27. Rad1 Bd4+ 28. Kh2 Qf7 29.
b3 d5 30. e5 Nd7 31. Ne2 Rac8 32. Nxd4 cxd4 33. Bd3 Nc5 34. Bf1 Nd7 35. Rc1 Qg7 36.
Qxd4 Rc6 37. c4 Rdc8 38. Rcd1 dxc4 39. Qxd7 Qxd7 40. Rxd7 cxb3 41. Rxb7 Rc3 42. Rb1 a5 43. R7xb3 Rxb3 44. Rxb3 Rc1 45. Bb5 Rc5 46. Bd7 Kf7 47. Rb7 Ke7 48. Bc8+ Kd8 49. Bxe6 1-0

[Event "*** SCC Grand Prix: Titled Tuesday Blitz"]
[Site "Chess.com"]
[Date "2020.06.23"]
[Round "4"]
[White "Lupul_Cenusiu"]
[Black "TigrVShlyape"]
[Result "0-1"]
[WhiteElo "2558"]
[BlackElo "2913"]
[TimeControl "180+1"]
[EndTime "10:40:20 PDT"]
[Termination "TigrVShlyape won on time"]

1. d4 Nf6 2. c4 g6 3. Nc3 Bg7 4. Nf3 d6 5. g3 O-O 6. Bg2 Nc6 7. O-O e5 8. e3 Re8 9. h3 h5 10. Re1 e4 11. Nd2 Bf5 12. a3 Qd7 13. Kh2 a6 14. b4 b5 15. cxb5 axb5 16. Bb2 Rab8 17. Rc1 Nd8 18. Qc2 d5 19. Nb3 c6 20. Nc5 Qd6 21. a4 h4 22. Ne2 bxa4 23. Qxa4 g5 24. Kg1 hxg3 25. fxg3 Ne6 26. Rf1 Bg6 27. Nxe6 Rxe6 28. Ba3 Bf8 29. Rc3 Qd8 30. Qc2 Ra8 31. Qb2 Nd7 32. b5 Bxa3 33. Rxa3 Rb8 34. Rb3 cxb5 35. Nc3 Nf6 36. Rxb5 Rxb5 37. Qxb5 Qc7 38. Rxf6 Qxc3 39. Rxe6 Qxe3+ 40. Kh2 fxe6 41. Qc5 Bf7 42. Bf1 Qf2+ 43. Bg2 e3 44. Qc8+ Kg7 45. Qd8 e2 46. Qxg5+ Kf8 47. Qd8+ Be8 48. Qd6+ Kf7 49. Qc7+ Kg8 50.
Qd8 e1=Q 51. Qxe8+ Kg7 52. Qe7+ Qf7 53. Qg5+ Qg6 54.
Qe7+ Kg8 55. Qd8+ Kf7 56. Qd7+ Kf8 57. Qd8+ Kf7 58. Qd7+ Kg8 59. Qd8+ Kh7 60. Qe7+ Qg7 61. Qh4+ Kg6 0-1

[Event "*** SCC Grand Prix: Titled Tuesday Blitz"]
[Site "Chess.com"]
[Date "2020.06.23"]
[Round "4"]
[White "EvgenyRomanov"]
[Black "adriangschnitzer"]
[Result "0-1"]
[WhiteElo "2636"]
[BlackElo "2481"]
[TimeControl "180+1"]
[EndTime "10:40:20 PDT"]
[Termination "adriangschnitzer won on time"]

1. b3 e5 2. Bb2 Nc6 3. c4 Nf6 4. d3 d5 5. cxd5 Nxd5 6. Nf3 Bb4+ 7. Nbd2 f6 8. e4 Nf4 9. a3 Bc5 10. b4 Bb6 11. Nc4 O-O 12. g3 Ne6 13. Bg2 Ned4 14. Nxb6 axb6 15. Nd2 f5 16. exf5 Bxf5 17. Ne4 Bxe4 18.
Bxe4 b5 19. O-O Qf6 20. Kg2 Kh8 21. Qh5 g6 22. Qh6 Rf7 23. f4 Raf8 24. fxe5 Qxe5 25. Rxf7 Rxf7 26. Rf1 Rxf1 27. Kxf1 Qf6+ 28. Kg2 Kg8 29. Qe3 Nc2 30. Bd5+ Kf8 31. Qc5+ Qd6 32. Qxc2 Qxd5+ 33. Kg1 Kg8 34. Qf2 Qf7 35. Qxf7+ Kxf7 36. Kf2 Ke6 37. Ke3 Kd5 38. g4 Nd8 39. h3 c6 40.
Bf6 Ne6 41. h4 b6 42. h5 gxh5 43. gxh5 c5 44. bxc5 bxc5 45. Bb2 c4 46. dxc4+ Kxc4 47. Ke4 Kb3 48. Bc1 Nc5+ 49. Kf5 Nd3 0-1